 Dungeon Crawl Stone Soup version 0.14-a0-1653-g0ad7a2c (webtiles) character file.

8281 Piginabag the Nimble (level 11, -13/80 (84) HPs)
             Began as a Demonspawn Monk on Dec 28, 2013.
             Was a Priest of Fedhas.
             Mangled by an ogre
             ... wielding a +0,+0 giant club
              (18 damage)
             ... on Level 12 of the Dungeon.
             The game lasted 00:51:47 (13412 turns).

Piginabag the Nimble (Demonspawn Monk)             Turns: 13412, Time: 00:51:47

HP -13/80 (84)   AC 10     Str 14      XL: 11   Next:  1%
MP  22/22        EV 27     Int 11      God: Fedhas [***...]
Gold 450         SH  0     Dex 22      Spells:  0 memorised, 10 levels left

rFire  + . .     SeeInvis +       - Unarmed
rCold  + . .     Clarity  .     u - +1 robe {rF+}
rNeg   . . .     Conserve .     (no shield)
rPois  .         rCorr    .     B - +1 helmet
rElec  .         rRot     .     e - +0 cloak
SustAb . .       Spirit   .     v - +0 pair of gloves
rMut   .         Warding  .     (boots unavailable)
Saprov . . .     RndTele  +     (no amulet)
                                (no ring)
                                (no ring)

@: agile, quite resistant to hostile enchantments, extremely stealthy
A: talons 3, slimy green scales 2, see invisible, cold resistance 1, high mp 1,
magic resistance 1, nightstalker 1, teleportitis 1
a: Evolution, Sunlight, Growth, Renounce Religion


You were on level 12 of the Dungeon.
You worshipped Fedhas.
Fedhas was most pleased with you.
You were hungry.

You visited 2 branches of the dungeon, and saw 13 of its levels.

You collected 450 gold pieces.

Inventory:

Hand weapons
 G - the +3,+3 Elemental Staff {rElec rF++ rC++ MR++ AC+5}
   (You found it on level 8 of the Dungeon)

   It affects your AC (+5).
   It greatly protects you from fire.
   It greatly protects you from cold.
   It insulates you from electricity.
   It affects your resistance to hostile enchantments.
Armour
 e - a +0 cloak (worn)
 u - a +1 robe of fire resistance (worn)
 v - a +0 pair of gloves (worn)
 B - a +1 helmet (worn)
Magical devices
 f - a wand of polymorph (8) {unknown}
 q - a wand of fireball (9) {unknown}
 r - a wand of fire (6) {unknown}
 y - a wand of teleportation (7) {unknown}
 L - a wand of slowing (10) {unknown}
Comestibles
 b - 9 bread rations
 g - 4 beef jerkies
 i - 2 meat rations
 t - a slice of pizza
 I - a honeycomb
Scrolls
 h - a scroll of remove curse
 j - a scroll of enchant weapon II
Jewellery
 z - an uncursed amulet of stasis {unknown}
Potions
 n - a potion of paralysis
 p - a potion of restore abilities
 x - 3 potions of curing
 D - a potion of might {unknown}
 E - a potion of berserk rage {unknown}
 F - a potion of decay {unknown}
 K - 2 potions of speed {unknown}
Books
 k - a book of Callings

   Spells                             Type                      Level
   Summon Small Mammal                Summoning                    1
   Call Imp                           Summoning                    2
   Call Canine Familiar               Summoning                    3
   Summon Scorpions                   Summoning/Poison             4
   Summon Ice Beast                   Ice/Summoning                4
 w - a book of Ice

   Spells                             Type                      Level
   Freezing Aura                      Charms/Ice                   2
   Ensorcelled Hibernation            Hexes/Ice                    2
   Ozocubu's Refrigeration            Ice                          6
   Bolt of Cold                       Conjuration/Ice              6
   Freezing Cloud                     Conjuration/Ice/Air          6
   Metabolic Englaciation             Hexes/Ice                    6
   Simulacrum                         Ice/Necromancy               6
 C - a book of Hinderance

   Spells                             Type                      Level
   Confusing Touch                    Hexes                        1
   Slow                               Hexes                        2
   Confuse                            Hexes                        3
   Petrify                            Transmutation/Earth          4
   Leda's Liquefaction                Hexes/Earth                  4
   Metabolic Englaciation             Hexes/Ice                    6
Miscellaneous
 J - a plain deck of changes


   Skills:
 + Level 7.0 Fighting
 + Level 0.8 Staves
 + Level 9.9 Dodging
 + Level 6.8 Stealth
 + Level 9.1 Unarmed Combat
 + Level 5.6 Invocations


You had 10 spell levels left.
You didn't know any spells.

Dungeon Overview and Level Annotations

Branches:
Dungeon (12/16)            Temple (1/1) D:5             Orc (0/4) D:9
   Lair: D:8-11

Altars:
Ashenzari
Cheibriados
Elyvilon
Fedhas
Kikubaaqudgha
Makhleb
Nemelex Xobeh
Okawaru
Sif Muna
Trog
Xom
Yredelemnul
Zin
the Shining One

Annotations:
D:9 Erolcha
D:10 Urug


Innate Abilities, Weirdness & Mutations

You have claws for feet.
You are mostly covered in slimy green scales (AC +3).
You are slightly more attuned to the shadows.
You have supernaturally acute eyesight.
Your flesh is cold resistant.
You have an increased reservoir of magic (+10% MP).
You are resistant to hostile enchantments.
Space occasionally distorts in your vicinity.


Message History

Your scroll of identify catches fire!
* * * LOW HITPOINT WARNING * * *
The manticore flicks its tail!
The volley of spikes misses you.
Found a paperback book.
There is a stone staircase leading down here.
The ogre closely misses you.
You climb downwards.
A water moccasin and 4 yaks come into view.
The yak bellows!
You hear a blaring wail to the north.
You hear a shout!
You hear a shout!
You hear a loud, deep croak!
Found a cloak.
Found a stone staircase leading down.
There is a stone staircase leading up here.
Drink which item? (? for menu, Esc to quit)
You feel hot for a moment.
You feel fantastic!
It was a potion of beneficial mutation.
You are feeling hungry.
The ogre hits you with a giant club!
You die...
Fedhas appreciates your contribution to the ecosystem.

### ###....
.....Y.....
.....Y.....
.[...Y......
##..SY......
#...O........
#....@.......
#............
.............
.
..........>..
...
...........
...
...........
.... .......
.... ...
..... .....


You could see 4 yaks, an ogre and a water moccasin.

Vanquished Creatures
  A cyclops (D:11)
  A two-headed ogre (D:11)
  Prince Ribbit (D:5)
  3 trolls
  9 yaks
  A hungry ghost (D:10)
  Grum (D:9)
  A wraith (D:10)
  A hippogriff (D:8)
  A wolf (D:9)
  2 necrophages (D:6)
  An orc warrior (D:6)
  An ice beast (D:8)
  A sky beast (D:8)
  A phantom (D:6)
  6 ogres
  5 centaurs
  3 giant frogs
  A big kobold (D:12)
  4 killer bees
  A hippogriff zombie (D:6)
  A yak skeleton (D:8)
  A giant frog zombie (D:11)
  8 crimson imps
  A goliath beetle (D:8)
  An orc priest (D:10)
  3 hounds
  2 scorpions
  4 orc wizards
  3 iguanas
  3 sheep (D:11)
  A killer bee zombie (D:11)
  8 worker ants
  Ijyb (D:3)
  Jessica (D:3)
  A hound skeleton (D:6)
  A mummy (D:4)
  7 gnolls
  3 giant mites
  11 adders
  2 worms
  An iguana zombie (D:6)
  2 giant geckos
  19 orcs
  4 ball pythons
  11 hobgoblins
  17 jackals
  13 kobolds
  6 quokkas
  21 bats
  7 giant cockroaches
  7 giant newts
  13 goblins
  A quokka skeleton (D:9)
  17 rats
  A butterfly (D:6)
249 creatures vanquished.

Vanquished Creatures (collateral kills)
  6 yaks
  4 wolves
  A manticore (D:10)
  A yellow wasp (D:11)
  2 black bears
  An ice beast (D:10)
  A gnoll sergeant (D:9)
  A manticore skeleton (D:6)
  5 wights (D:7)
  A yak skeleton (D:7)
  8 killer bees
  2 crimson imps
  An orc priest (D:10)
  3 hounds
  A gnoll shaman (D:6)
  A scorpion (D:7)
  2 worker ants
  A sheep (D:11)
  A killer bee zombie (D:6)
  A crocodile zombie (D:7)
  2 gnolls (D:6)
  An adder (D:8)
  A giant gecko (D:10)
  4 orcs
  5 bats
  A goblin (D:6)
  A jackal (D:11)
  A rat (D:6)
  5 butterflies
65 creatures vanquished.

Vanquished Creatures (others)
  14 wandering mushrooms
  67 toadstools
81 creatures vanquished.

Grand Total: 395 creatures vanquished

Notes
Turn   | Place    | Note
--------------------------------------------------------------
     0 | D:1      | Piginabag, the Demonspawn Monk, began the quest for the Orb.
     0 | D:1      | Reached XP level 1. HP: 18/18 MP: 1/1
   323 | D:1      | Gained mutation: You have sharp toenails. [demonic ancestry]
   323 | D:1      | Reached XP level 2. HP: 17/24 MP: 2/2
   353 | D:1      | Reached skill level 4 in Unarmed Combat
   620 | D:1      | Reached XP level 3. HP: 12/29 MP: 3/3
  1320 | D:2      | Gained mutation: You are resistant to hostile enchantments. [potion of mutation]
  1320 | D:2      | Gained mutation: Space occasionally distorts in your vicinity. [potion of mutation]
  1320 | D:2      | Gained mutation: You have supernaturally acute eyesight. [potion of mutation]
  2009 | D:3      | Reached XP level 4. HP: 35/35 MP: 4/4
  2078 | D:3      | Noticed Ijyb
  2109 | D:3      | Noticed Jessica
  2124 | D:3      | Killed Jessica
  2428 | D:4      | Noticed an ogre
  2551 | D:4      | Gained mutation: You are agile. (Dex +2) [potion of mutation]
  2551 | D:4      | Gained mutation: You have an increased reservoir of magic (+10% MP). [potion of mutation]
  2551 | D:4      | Lost mutation: You are agile. (Dex +2) [potion of mutation]
  2793 | D:4      | Gained mutation: You have razor-sharp toenails. [demonic ancestry]
  2793 | D:4      | Reached XP level 5. HP: 19/41 MP: 5/5
  3070 | D:4      | Noticed an ogre
  3141 | D:3      | Killed Ijyb
  3342 | D:4      | Noticed an ogre
  3873 | D:4      | Killed an ogre
  3873 | D:4      | Reached skill level 5 in Unarmed Combat
  3873 | D:4      | Reached XP level 6. HP: 47/47 MP: 6/6
  4337 | D:4      | Killed an ogre
  4337 | D:4      | Reached skill level 5 in Dodging
  4469 | D:4      | Killed an ogre
  4469 | D:4      | Reached XP level 7. HP: 14/53 MP: 7/7
  4955 | D:5      | Entered Level 5 of the Dungeon
  5181 | D:5      | Noticed Prince Ribbit
  6118 | D:5      | Found a staircase to the Ecumenical Temple.
  6143 | Temple   | Entered the Ecumenical Temple
  6382 | Temple   | Became a worshipper of Fedhas Madash
  6382 | Temple   | Acquired Fedhas' first power
  6382 | Temple   | Acquired Fedhas' second power
  6483 | D:5      | Found an ancient bone altar of Kikubaaqudgha.
  6558 | D:6      | Reached skill level 6 in Unarmed Combat
  6783 | D:6      | Gained mutation: You are partially covered in slimy green scales (AC +2). [demonic ancestry]
  6783 | D:6      | Reached XP level 8. HP: 56/60 MP: 8/8
  7084 | D:6      | Reached skill level 1 in Invocations
  7194 | D:6      | Found a white marble altar of Elyvilon.
  7495 | D:5      | Killed Prince Ribbit
  7495 | D:5      | Reached skill level 7 in Dodging
  8131 | D:7      | Reached skill level 5 in Fighting
  8289 | D:7      | Found a burning altar of Makhleb.
  8289 | D:7      | Found a shimmering altar of Xom.
  8723 | D:7      | Gained mutation: You are slightly more attuned to the shadows. [demonic ancestry]
  8723 | D:7      | Reached XP level 9. HP: 39/64 MP: 12/12
  9230 | D:8      | Found a glowing silver altar of Zin.
  9371 | D:8      | Reached skill level 5 in Stealth
  9740 | D:9      | Reached skill level 8 in Dodging
 10232 | D:9      | Found a staircase to the Orcish Mines.
 10329 | D:9      | Gained mutation: You have claws for feet. [demonic ancestry]
 10329 | D:9      | Reached XP level 10. HP: 47/72 MP: 18/18
 10575 | D:9      | Acquired Fedhas' third power
 10651 | D:9      | Noticed Grum
 10675 | D:9      | Killed Grum
 10811 | D:9      | Noticed Erolcha
 11120 | D:10     | Entered Level 10 of the Dungeon
 11180 | D:10     | Reached skill level 9 in Dodging
 11613 | D:10     | Noticed Urug
 11814 | D:10     | Reached skill level 5 in Invocations
 12299 | D:11     | Noticed a cyclops
 12337 | D:11     | Noticed a centaur warrior
 12410 | D:11     | Found a bloodstained altar of Trog.
 12652 | D:11     | Noticed a cyclops
 12700 | D:11     | Killed a cyclops
 13170 | D:11     | Gained mutation: You are mostly covered in slimy green scales (AC +3). [demonic ancestry]
 13170 | D:11     | Reached XP level 11. HP: 50/80 MP: 22/22
 13406 | D:11     | HP: 3/80 [burnt (2)]
 13412 | D:12     | Gained mutation: Your flesh is cold resistant. [potion of beneficial mutation]
 13412 | D:12     | Mangled by an ogre

Action                   |  1- 3 |  4- 6 |  7- 9 | 10-12 || total
-------------------------+-------+-------+-------+-------++-------
Melee: Unarmed           |   160 |   226 |   495 |   256 ||  1137
       Staff             |       |       |    40 |       ||    40
Invok: Evolution         |       |       |     8 |     6 ||    14
       Sunlight          |       |       |       |     1 ||     1
       Growth            |       |       |       |     1 ||     1
  Use: Potion            |     1 |     8 |     1 |     5 ||    15
       Scroll            |     1 |     7 |    12 |     3 ||    23
 Stab: Sleeping          |     5 |     3 |     9 |     8 ||    25
       Confused          |       |       |     8 |     4 ||    12
       Distracted        |       |       |       |     1 ||     1
